[Event "CZE-ch U14 Open 2023"]
[Site "Teplice"]
[Date "2023.03.17"]
[Round "8.7"]
[White "Krautschneider, Daniel Jan"]
[Black "Zrubek, Dan"]
[Result "0-1"]
[ECO "B23"]
[WhiteElo "1679"]
[BlackElo "1752"]
[Annotator "NA RC COMBH"]
[PlyCount "72"]
[EventDate "2023.03.09"]
[EventType "swiss"]
[EventCountry "CZE"]
[SourceTitle "playchess.com"]
[Source "ChessBase"]
[SourceQuality "1"]
[TimeControl "40/5400+30:1800+30"]

1. e4 c5 2. Nc3 d6 3. g3 Nc6 4. Bg2 g6 5. Nge2 Bg7 6. O-O e6 7. f4 Nge7 8. d3 O-O 9. Kh1 f5 10. Be3 Nd4 11. Bg1 Bd7 12. Qd2 Bc6 13. Rae1 b5 14. Nxd4 cxd4 15. Ne2 e5 16. c3 dxc3 17. bxc3 d5 18. fxe5 Bxe5 19. Nd4 Bxd4 20. Bxd4 dxe4 21. dxe4 Qd7 22. e5 Bxg2+ 23. Qxg2 Qc6 24. Rd1 Rad8 25. Rfe1 Rfe8 26. Rd2 Qxg2+ 27. Kxg2 Nc6 28. Kf2 Nxe5 29. Kg2 Nc4 30. Rde2 Rxe2+ 31. Rxe2 Kf7 32. Bxa7 Rd3 33. Bd4 b4 34. Rc2 Rxd4 35. Kf3 Rd3+ 36. Kf4 Kf6 0-1

[Event "CZE-ch U14 Open 2023"]
[Site "Teplice"]
[Date "2023.03.17"]
[Round "8.8"]
[White "Dusanek, Michal"]
[Black "Veverka, Vladimir"]
[Result "0-1"]
[ECO "D02"]
[WhiteElo "1624"]
[BlackElo "1735"]
[Annotator "NA RC COMBH"]
[PlyCount "66"]
[EventDate "2023.03.09"]
[EventType "swiss"]
[EventCountry "CZE"]
[SourceTitle "playchess.com"]
[Source "ChessBase"]
[SourceQuality "1"]
[TimeControl "40/5400+30:1800+30"]

1. d4 Nf6 2. Nf3 d5 3. Bf4 c5 4. c3 Nc6 5. Qb3 c4 6. Qc2 Bg4 7. Nbd2 Bh5 8. Ne5 Nxe5 9. dxe5 Nd7 10. e4 e6 11. g4 Bxg4 12. Bg2 Nb6 13. a4 a5 14. Be3 Ra6 15. b3 Qc7 16. exd5 exd5 17. O-O Be2 18. Rfe1 Bd3 19. Qd1 Bc5 20. Bxc5 Qxc5 21. e6 O-O 22. exf7+ Kxf7 23. bxc4 dxc4 24. Ne4 Bxe4 25. Rxe4 Kg8 26. Qd4 Qf5 27. Rg4 g6 28. Bxb7 Ra7 29. Bg2 Rd7 30. Qxb6 Qxg4 31. Qxa5 Rf5 32. Qa8+ Kg7 33. Qe4 Rd1+ 0-1

[Event "CZE-ch U14 Open 2023"]
[Site "Teplice"]
[Date "2023.03.17"]
[Round "8.9"]
[White "Tichy, Tomas"]
[Black "Soucek, Andrej"]
[Result "1-0"]
[ECO "C68"]
[WhiteElo "1810"]
[BlackElo "1679"]
[Annotator "NA RC COMBH"]
[PlyCount "69"]
[EventDate "2023.03.09"]
[EventType "swiss"]
[EventCountry "CZE"]
[SourceTitle "playchess.com"]
[Source "ChessBase"]
[SourceQuality "1"]
[TimeControl "40/5400+30:1800+30"]

1. e4 e5 2. Nf3 Nc6 3. Bb5 a6 4. Bxc6 dxc6 5. O-O Bg4 6. h3 h5 7. d3 Qf6 8. Nbd2 Ne7 9. Re1 Bxf3 (9... Ng6 $1 $11) 10. Qxf3 Qe6 11. Nb3 Ng6 12. d4 O-O-O 13. Be3 Be7 14. Rad1 Qf6 15. Qxf6 Bxf6 16. d5 Ne7 17. c4 b6 18. Rd2 c5 19. Nc1 Kb7 20. f4 Nc8 21. fxe5 Bxe5 22. Nd3 Bg3 23. Bf2 Bxf2+ 24. Rxf2 f6 25. Nf4 Nd6 26. Ne6 Rd7 27. b3 Re8 28. e5 fxe5 29. Rxe5 Ree7 (29... c6 $16) 30. Rxh5 Ne4 31. Rf3 c6 32. Re3 $18 cxd5 33. cxd5 Nf6 34. Rhe5 Rxd5 35. Nxc5+ 1-0

[Event "CZE-ch U14 Open 2023"]
[Site "Teplice"]
[Date "2023.03.17"]
[Round "8.11"]
[White "Striz, Tadeas"]
[Black "Hrbek, Jachym"]
[Result "0-1"]
[ECO "B33"]
[WhiteElo "1503"]
[BlackElo "1824"]
[Annotator "NA RC COMBH"]
[PlyCount "62"]
[EventDate "2023.03.09"]
[EventType "swiss"]
[EventCountry "CZE"]
[SourceTitle "playchess.com"]
[Source "ChessBase"]
[SourceQuality "1"]
[TimeControl "40/5400+30:1800+30"]

1. e4 c5 2. Nf3 Nc6 3. d4 cxd4 4. Nxd4 Nf6 5. Nc3 e5 6. Ndb5 d6 7. Bg5 a6 8. Na3 b5 9. Nd5 Be7 10. Bxf6 Bxf6 11. c3 Rb8 12. Nc2 Bg5 13. Bd3 O-O 14. O-O Be6 15. Nce3 Ne7 16. Qf3 (16. Bc2 $11) 16... Nxd5 17. Nxd5 Bxd5 18. exd5 g6 19. g4 Bf4 20. Kg2 Rb7 21. Rh1 Qh4 22. a4 (22. Rhg1 $17) 22... bxa4 23. Rxa4 Rxb2 24. Rxa6 $2 (24. Rb4 Rd2 25. Be2) 24... Rd2 (24... f5 $142 25. Be2 Qh6 26. gxf5 Qg5+ 27. Kf1 Rb1+ 28. Bd1 e4) 25. Bb1 $2 (25. Raa1) 25... Rb8 26. h3 Rbb2 27. Rf1 h5 28. gxh5 {[%emt 0:06:54] [#]} Rxb1 $1 {[%emt 0:02:28] Remove Defender} 29. Rxb1 (29. hxg6 Rxf1 30. gxf7+ Kxf7 31. Kxf1 e4 32. Ra7+ Kf6) 29... e4 30. Ra8+ Kg7 31. h6+ Kh7 0-1

[Event "CZE-ch U14 Open 2023"]
[Site "Teplice"]
[Date "2023.03.17"]
[Round "8.12"]
[White "Andrle, Filip"]
[Black "Macosek, Alex"]
[Result "1-0"]
[ECO "B10"]
[WhiteElo "1721"]
[BlackElo "1466"]
[Annotator "NA RC COMBH"]
[PlyCount "35"]
[EventDate "2023.03.09"]
[EventType "swiss"]
[EventCountry "CZE"]
[SourceTitle "playchess.com"]
[Source "ChessBase"]
[SourceQuality "1"]
[TimeControl "40/5400+30:1800+30"]

1. e4 c6 2. Nc3 d5 3. Nf3 dxe4 4. Nxe4 Bf5 5. Ng3 Bg6 6. h4 h6 7. Ne5 Bh7 8. Qh5 g6 9. Qf3 Qd5 10. Qxd5 cxd5 11. Bb5+ Kd8 12. Nxf7+ Kc7 13. Nxh8 Bg7 14. Nf7 a6 15. Ba4 b5 16. Bb3 e6 17. c3 d4 18. Ng5 1-0

[Event "CZE-ch U14 Open 2023"]
[Site "Teplice"]
[Date "2023.03.18"]
[Round "9.1"]
[White "Juhanak, Daniel"]
[Black "Babula, Matej"]
[Result "1-0"]
[ECO "A17"]
[WhiteElo "1952"]
[BlackElo "1796"]
[Annotator "TA"]
[PlyCount "53"]
[EventDate "2023.03.09"]
[EventType "swiss"]
[EventCountry "CZE"]
[SourceTitle "playchess.com"]
[Source "ChessBase"]
[SourceQuality "1"]
[TimeControl "40/5400+30:1800+30"]

1. c4 Nf6 2. Nc3 e6 3. Nf3 Bb4 4. Qc2 b6 5. a3 Bxc3 6. Qxc3 O-O 7. e3 {[%emt 0:04:43] A17: English Opening: 1...Nf6 with ...Bb4.} Bb7 8. b4 d6 9. d3 {[%emt 0:04:40] White has an edge.} e5 10. Bb2 Nbd7 11. Be2 Ne8 12. O-O f5 {[%emt 0:03:25] [#]} 13. c5 bxc5 $11 14. bxc5 {[%emt 0:00:19] Hoping for c6.} Bd5 {[%emt 0:05:54] [#]} 15. cxd6 $146 ({Predecessor:} 15. Rac1 Nxc5 16. Nd2 Rb8 17. Ba1 Qd7 18. d4 exd4 19. Qxd4 Qf7 20. Rb1 Nf6 21. Rfc1 Nfe4 22. Rxb8 Rxb8 23. Bh5 Qxh5 24. Qxg7# {1-0 Ostenstad,B (2442)-Thanke,B (2114) NOR-ch Rapid 2023 (8)}) 15... cxd6 16. Rfc1 Rf6 {[%emt 0:07:36] [#]} 17. e4 fxe4 18. dxe4 Bxe4 19. Ng5 Bg6 20. Bd3 $1 {[%emt 0:11:49] Bxg6 would be deadly.} Qb6 (20... Nf8 $11) 21. Qc4+ $16 Kh8 $2 {[%emt 0:00:39][%mdl 8192] [#] This move loses the game for Black.} (21... Kf8 $16 22. Rc2 Rc8 23. Qxc8 Bxd3) 22. Bxg6 $1 $18 {[%emt 0:01:10] A strong pair of Bishops.} (22. Rc2 Rf4 23. Qd5 Bxd3 24. Qxd3 Ndf6 $15) 22... Qxf2+ 23. Kh1 hxg6 {[%emt 0:00:22] [#]} (23... Qf4 $142 24. Qxf4 Rxf4) 24. Rc3 $1 {[%emt 0:02:39] Threatening mate with Rh3+. White is clearly winning.} d5 (24... Qf5 25. Rh3+) 25. Rh3+ (25. Qxd5 $2 Qf1+ 26. Rxf1 Rxf1#) 25... Kg8 26. Qxd5+ Kf8 27. Nh7+ $2 {[%emt 0:00:32] A cool game by Juhanak.   Weighted Error Value: White=0.11 (very precise) /Black=0.86} (27. Qxa8 $2 {gets mated.} Qf1+ {[%mdl 64] Back Rank} 28. Rxf1 Rxf1#) ({But not} 27. Rh8+ $2 Ke7 28. h3 (28. Qxa8 $2 {leads to mate.} Qf1+ {[%mdl 64] Back Rank} 29. Rxf1 Rxf1#) (28. Rg1 $2 Nc7 $19 {[%mdl 64] Discovered Attack}) 28... Nc7 $19 {[%mdl 64] Discovered Attack}) (27. Rf3 Qxf3 28. gxf3) 1-0

[Event "CZE-ch U14 Open 2023"]
[Site "Teplice"]
[Date "2023.03.18"]
[Round "9.2"]
[White "Zelba, Lukas"]
[Black "Ocelak, David"]
[Result "1-0"]
[ECO "E18"]
[WhiteElo "1912"]
[BlackElo "1608"]
[Annotator "TA"]
[PlyCount "87"]
[EventDate "2023.03.09"]
[EventType "swiss"]
[EventCountry "CZE"]
[SourceTitle "playchess.com"]
[Source "ChessBase"]
[SourceQuality "1"]
[TimeControl "40/5400+30:1800+30"]

1. d4 Nf6 2. Nf3 e6 3. g3 b6 4. Bg2 Bb7 5. O-O Be7 6. c4 O-O 7. Nc3 d5 8. Bg5 {[%emt 0:08:38] E18: Queen's Indian: Old Main Line (4 g3 Bb7 5 Bg2 Be7 6 0-0 0-0 7 Nc3).} Nbd7 9. Qc2 Rc8 (9... dxc4 $15 10. Rad1 h6 11. Bxf6 Nxf6) 10. Rad1 {[%emt 0:11:55] The position is equal.} c6 {[%emt 0:03:52] [#]} 11. Rfe1 $146 ({Predecessor:} 11. Bxf6 Bxf6 12. e4 dxe4 13. Nxe4 Qc7 14. Nfg5 h6 15. Nh7 Rfd8 16. Nhxf6+ Nxf6 17. Nxf6+ gxf6 18. c5 Rd7 19. Qe2 f5 20. Qh5 {½-½ Bold,A (1694)-Bohne,L (1940) Rheinland Pfalz op 7th 2015 (6)}) 11... Ne8 (11... h6 $5 12. Bxf6 Nxf6 $11) 12. Bxe7 Qxe7 13. Qb3 (13. e4 $14) 13... Ndf6 (13... Nd6 $11) 14. e4 $14 Nc7 15. Nd2 Rfd8 16. Nf1 Qf8 {[%emt 0:11:01] [#]} (16... dxe4 $11 17. Nxe4 Nxe4 18. Bxe4 Ne8) 17. c5 dxe4 18. cxb6 axb6 19. Qxb6 ({Much worse is} 19. Bxe4 Nxe4 20. Nxe4 Nb5 $15) 19... Ba8 20. Nxe4 Nxe4 21. Bxe4 Nd5 (21... Nb5 $1 $11) 22. Bxd5 (22. Qc5 $1 $16) 22... Rxd5 $11 {[%emt 0:00:33] Black is weak on the dark squares} 23. Qb3 Rb8 24. Qc3 Rh5 (24... c5 $1 $11 {keeps the balance.}) 25. Re5 $36 {[%emt 0:01:43][%mdl 2048] White is on the roll.} Rb5 (25... Rxe5 $16 26. dxe5 c5) 26. Rde1 (26. a4 $18 Rd5 27. Rxh5 Rxh5 28. b4) 26... Rbxe5 (26... c5 $16) 27. Rxe5 (27. dxe5 $18 c5 28. Rc1) 27... Rxe5 $16 28. dxe5 {[%emt 0:00:10][%mdl 4096] Endgame KQB-KQN} c5 29. Nd2 Qc8 30. f3 (30. b3 $142) 30... Qc7 ({Better is} 30... h5) 31. b4 c4 32. Qxc4 Qd7 33. Qc5 h6 {[%emt 0:00:29] [#]} 34. Qe3 Qa4 {[%emt 0:00:30] [#]} 35. a3 $1 Bd5 36. Kf2 Qa6 (36... Qd1 $16 37. Kg2 Bc6) 37. Ne4 (37. g4 $18) 37... Qa4 $2 (37... Bxe4 $1 $14 38. Qxe4 (38. fxe4 Qc4 $16) 38... Qxa3) 38. Qc3 Qa7+ $2 (38... Qd1 $16 {was called for.} 39. h4 Qh1) 39. Nc5 $18 Bc6 40. a4 Bxa4 (40... Ba8 41. a5 Bc6) 41. Qa3 Qb8 42. Qxa4 Qxe5 43. Qa8+ Kh7 44. Qe4+ {[%emt 0:00:00] Weighted Error Value: White=0.32/Black=0.70} 1-0

[Event "CZE-ch U14 Open 2023"]
[Site "Teplice"]
[Date "2023.03.18"]
[Round "9.3"]
[White "Jasso, Matej"]
[Black "Stary, Vojtech"]
[Result "1-0"]
[ECO "B40"]
[WhiteElo "1934"]
[BlackElo "1814"]
[Annotator "TA"]
[PlyCount "55"]
[EventDate "2023.03.09"]
[EventType "swiss"]
[EventCountry "CZE"]
[SourceTitle "playchess.com"]
[Source "ChessBase"]
[SourceQuality "1"]
[TimeControl "40/5400+30:1800+30"]

1. e4 c5 2. Nf3 e6 3. d3 Nc6 4. Qe2 Be7 5. g3 d5 6. Bg2 Nf6 7. O-O O-O 8. e5 Nd7 9. c4 d4 10. h4 Qc7 {[%cal Rd7e5] C00: French: Unusual White 2nd moves.} 11. Bf4 a6 {is the legacy move (11...b6).} 12. Nbd2 b5 {[#] The position is equal.} 13. Nh2 $146 ({Predecessor:} 13. a3 Rb8 14. Rac1 bxc4 15. Nxc4 Nb6 16. Nd6 Nd5 17. Rxc5 Nxf4 18. gxf4 Bxd6 19. exd6 Qxd6 {1-0 Short,N (2688)-Tryggestad,A (2324) Helsingor Xtracon op 2017 (3)}) 13... Bb7 14. Ng4 Rfb8 15. Rfe1 Nb4 {Strongly threatening ...Bxg2.} 16. Ne4 $1 {Threatens to win with a3.} bxc4 {[#]} 17. Ngf6+ $2 gxf6 $2 {[%mdl 8192] A mistake that costs the game.} (17... Bxf6 $17 {and life is bright.} 18. exf6 e5) 18. exf6 $18 {[%mdl 64] aiming for Qg4+. Discovered Attack} e5 $2 (18... Ne5 $2 19. Bxe5 Qxe5 20. Qg4+ Kf8 21. Ng5 (21. fxe7+ Kxe7 22. dxc4 Nc2 $16) 21... Bxf6 22. Rxe5 Bxg5 23. Bxb7 $18) (18... Qxf4 19. gxf4 Nxf6 20. Nxf6+ Bxf6 21. Bxb7 (21. dxc4 d3 $16) 21... Rxb7 22. dxc4 d3) 19. Qg4+ ({Weaker is} 19. fxe7 f5 $16) 19... Kf8 20. Qg7+ Ke8 21. Ng5 Nxf6 22. Bxe5 {White wants to mate with Bh3.} Qb6 23. Bxf6 {White mates.} Nc6 {[#]} 24. Rxe7+ $1 {[%mdl 576] Decoy} Nxe7 25. Qxf7+ Kd8 26. Qxe7+ Kc8 27. Bh3+ Qe6 28. Qd8# {Beautiful play by Jasso!   Weighted Error Value: White=0.15 (very precise) /Black=0.93} 1-0

[Event "CZE-ch U14 Open 2023"]
[Site "Teplice"]
[Date "2023.03.18"]
[Round "9.4"]
[White "Popov, Roman"]
[Black "Martirosyan, David"]
[Result "1/2-1/2"]
[ECO "D31"]
[WhiteElo "2353"]
[BlackElo "1975"]
[Annotator "TA"]
[PlyCount "73"]
[EventDate "2023.03.09"]
[EventType "swiss"]
[EventCountry "CZE"]
[SourceTitle "playchess.com"]
[Source "ChessBase"]
[SourceQuality "1"]
[TimeControl "40/5400+30:1800+30"]

1. d4 d5 2. c4 e6 3. Nc3 a6 4. cxd5 exd5 5. Qc2 c6 6. Nf3 {[%emt 0:01:03] D31: Queen's Gambit Declined: Semi-Slav without ...Nf6 (+ Marshall Gambit and Noteboom) and Exchange Variation lines without ...Nf6.} Nf6 7. Bg5 Be6 $1 {[%emt 0:00:12] 7...Be6 scores better than 7...Be7.} 8. e3 Nbd7 9. Bd3 Bd6 10. O-O (10. Bf4 $5 Qc7 11. Bxd6 Qxd6 12. O-O $11) 10... Qc7 11. Rab1 h6 12. Bh4 Bg4 13. Bg3 Bxg3 {[%emt 0:00:46] [#]} 14. fxg3 $146 ({Predecessor:} 14. hxg3 h5 15. b4 O-O 16. a4 Rac8 17. Rfc1 Rfe8 18. b5 axb5 19. axb5 c5 20. dxc5 Qxc5 {0-1 Begunov,K (2325)-Leiva Rodriguez,J (2389) Titled Tuesday intern op 23rd Aug Early blitz 2022 (2)}) 14... O-O 15. e4 (15. Rbc1 $11 {was preferrable.}) 15... dxe4 $15 16. Nxe4 Nxe4 17. Bxe4 Nf6 {[%emt 0:01:05] Dodges Bh7+} 18. Ne5 (18. Bd3 $142) 18... Be6 $1 $17 19. Bd3 Bxa2 20. Rbe1 Be6 21. Qd2 {[%emt 0:00:49][%cal Of1f6] aiming for Rxf6!} Ng4 22. Qf4 Nxe5 23. Rxe5 {[%emt 0:00:37] [#]} Qd6 (23... Rad8 $1 $17 {...Qb6 is the strong threat.} 24. Qe4 g6) 24. Qe4 $1 $132 {[%emt 0:01:15][%csl Gd3][%cal Re4h7][%mdl 2048] White puts up resistance} f5 $1 25. Qe3 Rf6 26. Bxf5 Bxf5 27. Rfxf5 Rxf5 28. Rxf5 {[%emt 0:00:08][%mdl 4096] Endgame KQR-KQR} Rd8 29. Rf4 g5 30. Re4 Kf7 {[%emt 0:06:03] [#]} (30... Rd7 $11 {keeps the balance.}) 31. h4 $1 $16 Qf6 32. Qb3+ Kf8 33. Qb4+ (33. Qxb7 $18 {has better winning chances.} Re8 34. Qb4+ Kf7 35. Qc4+ (35. hxg5 hxg5 36. Qb3+ Re6 $16) 35... Kf8 36. Qc5+ Kf7 37. Re5 (37. hxg5 hxg5 38. Qc4+ Kf8 $16) 37... Rxe5 38. dxe5) 33... Rd6 (33... Qd6 $142 34. Qxb7 Re8 35. Rxe8+ Kxe8) 34. hxg5 ({White should try} 34. Qxb7 {Strongly threatening Re3.} Re6 35. Qc8+ Kf7 36. Rxe6 (36. hxg5 hxg5 37. Rxe6 Qxe6 $16) 36... Qxe6 37. Qxa6) 34... hxg5 35. Qc5 ({Better is} 35. Qxb7 $16 {Hoping for Qc7.} Re6 36. Rxe6 (36. Qc8+ Kf7 $16) 36... Qxe6 37. Qxa6) 35... Kg7 $11 36. Re5 Kh6 37. b4 {[%emt 0:02:13] Weighted Error Value: White=0.16 (very precise) /Black=0.18 (very precise)} 1/2-1/2

[Event "CZE-ch U14 Open 2023"]
[Site "Teplice"]
[Date "2023.03.18"]
[Round "9.5"]
[White "Zrubek, Dan"]
[Black "Roubal, Matyas"]
[Result "1/2-1/2"]
[ECO "B35"]
[WhiteElo "1752"]
[BlackElo "1948"]
[Annotator "TA"]
[PlyCount "68"]
[EventDate "2023.03.09"]
[EventType "swiss"]
[EventCountry "CZE"]
[SourceTitle "playchess.com"]
[Source "ChessBase"]
[SourceQuality "1"]
[TimeControl "40/5400+30:1800+30"]

1. e4 c5 2. Nf3 Nc6 3. d4 cxd4 4. Nxd4 g6 5. Nc3 Bg7 6. Be3 Nf6 7. Bc4 O-O 8. Bb3 Re8 {[%emt 0:00:26] B35: Sicilian: Accelerated Dragon with 5 Nc3: main line.} 9. O-O d6 10. h3 Na5 11. f4 {[%emt 0:05:18] 11.Qd2 gains popularity.} Nxb3 12. axb3 a6 13. Qf3 {[%emt 0:05:51] [#]} e5 $146 ({Predecessor:} 13... Rb8 14. e5 Nd7 15. e6 Nf6 16. f5 fxe6 17. fxe6 Rf8 18. Qe2 Qc7 19. g4 b5 20. g5 Nh5 21. Nd5 Qb7 22. Rxf8+ Bxf8 23. Qf3 Bg7 24. Qf7+ Kh8 25. Qe8+ {1-0 Amdouni,Z (2218)-Temesgen,A (2050) Online Olym Div3 B rapid 2021 (7.2)}) 14. Nde2 h6 (14... Qc7 $14) 15. Rad1 Qe7 16. Ng3 b5 {[%emt 0:05:19] [#]} 17. f5 $1 Kh7 18. h4 ({White should play} 18. Nd5 $16 Nxd5 19. Rxd5) 18... Rf8 19. Nd5 Nxd5 20. Rxd5 {[%emt 0:00:53] Strongly threatening f6.} Qc7 (20... Qxh4 $142 21. Rxd6 a5) 21. Rfd1 $16 {[%emt 0:13:33] White is much more active. The black rooks are badly placed.} Rd8 22. Qf2 ({Resist} 22. f6 $6 Bf8 $14) 22... Rd7 (22... Rb8 $16 23. b4 Bf8) 23. Qd2 (23. fxg6+ $18 {is more deadly.} fxg6 24. h5) 23... Bf8 24. fxg6+ fxg6 25. h5 Rf7 $2 {[%emt 0:02:13] [#]} (25... gxh5 $16 {is a better defense.} 26. Nf5 (26. Nxh5 Rf7 $11) 26... Bb7) 26. hxg6+ $18 Kxg6 27. Qe2 $2 ({Better is} 27. Bxh6 $18 {Threatens to win with Qg5+.} Qb6+ 28. Be3) 27... Be6 $14 28. R5d2 (28. Rxd6 {keeps more tension.} Bxd6 29. Qh5+ Kh7 30. Qxh6+ Kg8 31. Qxe6 Bc5 32. Bxc5 Qxc5+ 33. Kh2) 28... Rd8 (28... Qd7 $14) 29. Qh5+ $16 Kh7 30. Rf1 $2 (30. Nf5 $18 Bxf5 31. exf5) 30... Rxf1+ $11 {[%emt 0:00:49] The position is equal.} 31. Kxf1 {[%emt 0:00:08] next Rf2 is good for White.} Qf7+ 32. Qxf7+ Bxf7 33. Nf5 Be6 34. g4 Bxf5 {[%emt 0:00:52] Weighted Error Value: White=0.30/Black=0.34} (34... d5 $11 {remains equal.}) 1/2-1/2

[Event "CZE-ch U14 Open 2023"]
[Site "Teplice"]
[Date "2023.03.18"]
[Round "9.6"]
[White "Topencik, Bruno"]
[Black "Veverka, Vladimir"]
[Result "1/2-1/2"]
[ECO "E16"]
[WhiteElo "1844"]
[BlackElo "1735"]
[Annotator "NA RC COMBH"]
[PlyCount "81"]
[EventDate "2023.03.09"]
[EventType "swiss"]
[EventCountry "CZE"]
[SourceTitle "playchess.com"]
[Source "ChessBase"]
[SourceQuality "1"]
[TimeControl "40/5400+30:1800+30"]

1. d4 Nf6 2. c4 e6 3. Nf3 Bb4+ 4. Bd2 Qe7 5. g3 Nc6 6. Bg2 Bxd2+ 7. Nbxd2 d6 8. O-O O-O 9. e4 e5 10. d5 Nb8 11. Ne1 Ng4 12. h3 Nh6 13. Nd3 b6 14. f4 Nd7 15. f5 g6 16. g4 g5 17. Qe2 f6 18. Kf2 Nf7 19. Rh1 Kg7 20. b4 a5 21. a3 (21. b5 $16) 21... axb4 22. axb4 Bb7 23. Nb3 Rxa1 24. Rxa1 Ra8 25. Rxa8 Bxa8 26. Qa2 Qf8 27. Qa7 Qb8 28. Qa4 b5 29. Qxb5 Qxb5 30. cxb5 Nh6 31. Na5 Kf7 32. Bf3 Ng8 33. Nb2 Nb6 34. Ke3 $18 Ke8 35. Nb3 Ne7 36. Be2 h6 37. Bd3 Kd8 38. Nd2 Kd7 39. Ndc4 Nec8 40. Na5 Ke8 41. Nb3 1/2-1/2

[Event "CZE-ch U14 Open 2023"]
[Site "Teplice"]
[Date "2023.03.18"]
[Round "9.7"]
[White "Vlcek, Vojtech"]
[Black "Hrbek, Jachym"]
[Result "1/2-1/2"]
[ECO "D30"]
[WhiteElo "1671"]
[BlackElo "1824"]
[Annotator "NA RC COMBH"]
[PlyCount "65"]
[EventDate "2023.03.09"]
[EventType "swiss"]
[EventCountry "CZE"]
[SourceTitle "playchess.com"]
[Source "ChessBase"]
[SourceQuality "1"]
[TimeControl "40/5400+30:1800+30"]

1. d4 d5 2. c4 e6 3. Nf3 c6 4. e3 f5 5. Bd3 Nh6 6. O-O Bd6 7. b3 O-O 8. Ba3 Nf7 9. Bxd6 Qxd6 10. Nc3 Nd7 11. cxd5 cxd5 12. Qc2 a6 13. Rac1 Nb6 14. Ne2 Bd7 15. Qc5 (15. h4 $16) 15... Rac8 16. Qxd6 Nxd6 17. Rc5 Ne4 18. Rcc1 (18. Ra5 $14) 18... Rxc1 19. Rxc1 Rc8 20. Rxc8+ Bxc8 21. Ne5 Nd7 22. Bxe4 fxe4 23. Nxd7 Bxd7 24. Nc3 Kf7 25. Kf1 Kf6 26. Ke2 Kf5 27. Kd2 h5 $11 28. Ke2 Kg4 29. h3+ Kh4 30. Kf1 b5 31. b4 Kg5 32. Ke2 Kf5 33. f3 1/2-1/2

[Event "CZE-ch U14 Open 2023"]
[Site "Teplice"]
[Date "2023.03.18"]
[Round "9.8"]
[White "Zemek, Antonin"]
[Black "Tichy, Tomas"]
[Result "0-1"]
[ECO "A04"]
[WhiteElo "1739"]
[BlackElo "1810"]
[Annotator "NA RC COMBH"]
[PlyCount "96"]
[EventDate "2023.03.09"]
[EventType "swiss"]
[EventCountry "CZE"]
[SourceTitle "playchess.com"]
[Source "ChessBase"]
[SourceQuality "1"]
[TimeControl "40/5400+30:1800+30"]

1. Nf3 Nc6 2. b3 e5 3. d3 d5 4. Bb2 Bb4+ 5. c3 Bd6 6. g3 f5 7. c4 d4 8. Nbd2 Nf6 9. Bg2 O-O 10. O-O Bc5 11. Ne1 Qe7 12. a3 a5 13. Ndf3 Be6 14. Nc2 Rad8 $11 15. h3 (15. b4 $1 $11 axb4 16. axb4 Nxb4 17. Nxb4 (17. Nxe5 Nxc2 18. Qxc2 Bc8 $11) 17... Bxb4 18. Nxe5) 15... Rd7 16. Nfe1 e4 17. Bc1 Bf7 18. Bd2 e3 19. fxe3 (19. Bxc6 $142 exd2 20. Bxd7 dxe1=N 21. Qxe1 Nxd7 22. b4 axb4 23. axb4) 19... dxe3 20. Bc3 Nh5 21. Bxc6 bxc6 22. Rf3 Qg5 23. Ng2 Nxg3 24. Qe1 Nh5 25. d4 Bd6 26. Ncxe3 Bg3 27. Qf1 f4 28. Ng4 Be6 29. Ne5 Rd6 30. Bxa5 Rxd4 31. Nxc6 Re4 32. Rd1 Qc5+ 33. Kh1 Qxc6 34. Bb4 Re8 35. Rdd3 Bxh3 36. e3 Rxe3 37. Rd5 Bxg2+ 38. Kxg2 Rxf3 39. Qxf3 Nf6 40. Bc3 Nxd5 41. cxd5 Qc5 42. d6 cxd6 43. Bxg7 Kxg7 44. Kh3 Qf5+ 45. Kg2 Qc2+ 46. Kh3 Qh2+ 47. Kg4 Qh4+ 48. Kf5 Re5# 0-1

[Event "CZE-ch U14 Open 2023"]
[Site "Teplice"]
[Date "2023.03.18"]
[Round "9.9"]
[White "Dusanek, Michal"]
[Black "Andrle, Filip"]
[Result "1/2-1/2"]
[ECO "B30"]
[WhiteElo "1624"]
[BlackElo "1721"]
[Annotator "NA RC COMBH"]
[PlyCount "94"]
[EventDate "2023.03.09"]
[EventType "swiss"]
[EventCountry "CZE"]
[SourceTitle "playchess.com"]
[Source "ChessBase"]
[SourceQuality "1"]
[TimeControl "40/5400+30:1800+30"]

1. e4 c5 2. Nf3 Nc6 3. Bb5 d6 4. d4 cxd4 5. Qxd4 Bd7 6. Bxc6 Bxc6 7. Nc3 Nf6 8. Bg5 e6 9. O-O-O Be7 10. Qd3 Qa5 11. h4 Rc8 12. Nd4 h6 13. Bxf6 gxf6 14. f4 a6 15. f5 e5 16. Nb3 Qc7 17. Rd2 b5 18. Nd5 Bxd5 19. Qxd5 Qc6 20. Rg1 Rg8 21. g4 Qxd5 22. Rxd5 Kd7 23. Rd3 Rg7 24. Nd2 Rcg8 25. Rdg3 h5 26. Nf1 Rxg4 27. Rxg4 Rxg4 28. Rxg4 hxg4 29. Ne3 g3 30. Kd1 Bd8 31. Ke2 Bb6 32. Kf3 Bxe3 33. Kxe3 Ke7 34. Kf3 Kf8 35. Kxg3 Kg7 36. Kf3 a5 37. c3 Kh6 38. b4 axb4 39. cxb4 Kg7 40. Ke3 Kf8 41. Kd3 Kg7 42. a4 bxa4 43. b5 d5 44. b6 a3 45. Kc2 d4 46. b7 d3+ 47. Kxd3 a2 1/2-1/2

[Event "CZE-ch U14 Open 2023"]
[Site "Teplice"]
[Date "2023.03.18"]
[Round "9.10"]
[White "Srba, Daniel"]
[Black "Hobza, Richard"]
[Result "1/2-1/2"]
[ECO "C01"]
[WhiteElo "1509"]
[BlackElo "1702"]
[Annotator "NA RC COMBH"]
[PlyCount "61"]
[EventDate "2023.03.09"]
[EventType "swiss"]
[EventCountry "CZE"]
[SourceTitle "playchess.com"]
[Source "ChessBase"]
[SourceQuality "1"]
[TimeControl "40/5400+30:1800+30"]

1. e4 e6 2. d4 d5 3. exd5 exd5 4. Bf4 Nf6 5. Nc3 Bb4 6. Bd3 O-O 7. Nge2 c5 8. dxc5 Bxc5 9. h3 Nc6 10. O-O a6 11. Bg5 Be6 12. Ng3 h6 13. Bf4 Bd6 14. Bxd6 Qxd6 15. Bf5 Qd7 16. Bd3 Rac8 17. Re1 Nb4 18. a3 Nxd3 19. Qxd3 Rc4 20. Re5 Rfc8 21. Rc1 Qc7 22. Re2 Qb6 23. Nd1 Qc7 24. Nc3 b5 25. Nd1 Qb6 26. c3 a5 27. Ne3 R4c6 28. Ngf5 R6c7 29. Nd4 b4 30. axb4 axb4 31. Rec2 1/2-1/2